[ AOE2 MATCH · #472883127 ]
UnrankedArmenians vs Magyars
[ REPLAY ANALYSIS · EXTRACTED FROM THE RECORDED GAME ]
Feudal
13:15
Castle
17:13
Imperial
—
| APM avg | 27.0 |
| APM peak | 59 |
| eAPM avg | 15.1 |
| Villagers / military | 50 / 11 |
Focus
⚔️ 25.2% · 🌾 74.8%
Composite Bowman ×8 · Fishing Ship ×7 · Monk ×2 · Warrior Priest ×1
Feudal
12:31
Castle
20:41
Imperial
—
| APM avg | 46.7 |
| APM peak | 75 |
| eAPM avg | 22.2 |
| Villagers / military | 88 / 17 |
Focus
⚔️ 30.6% · 🌾 69.4%
Knight ×6 · Fishing Ship ×5 · Archer ×3 · Scout Cavalry ×3 · Battle Elephant ×3 · Mangonel ×2
Feudal
13:19
Castle
22:03
Imperial
—
| APM avg | 43.3 |
| APM peak | 68 |
| eAPM avg | 19.2 |
| Villagers / military | 44 / 22 |
Focus
⚔️ 40.2% · 🌾 59.8%
Cavalry Archer ×13 · Fishing Ship ×11 · Galley ×9
Feudal
13:15
Castle
18:23
Imperial
—
| APM avg | 24.1 |
| APM peak | 58 |
| eAPM avg | 12.2 |
| Villagers / military | 47 / 8 |
Focus
⚔️ 32.2% · 🌾 67.8%
Bolas Rider ×8 · Fishing Ship ×7
Feudal
13:27
Castle
17:22
Imperial
—
| APM avg | 23.8 |
| APM peak | 47 |
| eAPM avg | 11.5 |
| Villagers / military | 45 / 1 |
Focus
⚔️ 25.4% · 🌾 74.6%
Fishing Ship ×6 · Keshik ×1
Feudal
16:14
Castle
20:28
Imperial
—
| APM avg | 27.3 |
| APM peak | 51 |
| eAPM avg | 14.6 |
| Villagers / military | 46 / 9 |
Focus
⚔️ 29.9% · 🌾 70.1%
Fishing Ship ×12 · Spearman ×3 · Ratha (Ranged) ×3 · Monk ×2 · Scorpion ×1
Feudal
13:38
Castle
18:35
Imperial
—
| APM avg | 33.9 |
| APM peak | 68 |
| eAPM avg | 19.1 |
| Villagers / military | 26 / 0 |
Focus
⚔️ 1.4% · 🌾 98.6%
Fishing Ship ×11
Feudal
13:29
Castle
18:02
Imperial
—
| APM avg | 27.1 |
| APM peak | 48 |
| eAPM avg | 14.7 |
| Villagers / military | 43 / 12 |
Focus
⚔️ 34.5% · 🌾 65.5%
Fishing Ship ×12 · Petard ×6 · Conquistador ×6
Match map
Initial resources + every placement click. Lines = walls · curves = elevation contours. ◆ gold · ⬟ stone · ● berries · ✦ relic · ◌ wall gap
Your base· Open — 6t gap
cmd 2.0's base· Open — unwalled flank
Hastur's base· Open — unwalled flank
Mike'dugai's base· Open — 6t gap
TrAnEcId's base· Open — unwalled flank
Madbun's base· Open — 13t gap
Feifred's base· Open — unwalled flank
Mortis's base· Open — 8t gap
Smoothed initial terrain · ◌ = detected wall gap · hover for details
Inputs per minute
— Kallemann - - cmd 2.0
Build order — Kallemann
141 actions detected in the replay
| 0:10 | Build | Town Center |
| 0:19 | Build | House |
| 1:08 | Build | Dock |
| 2:30 | Create | Villager (Male) |
| 2:31 | Create | Villager (Male) |
| 2:31 | Create | Villager (Male) |
| 3:04 | Create | Villager (Male) |
| 3:49 | Create | Villager (Male) |
| 3:59 | Create | Fishing Ship |
| 4:23 | Create | Villager (Male) |
| 4:33 | Build | House |
| 4:40 | Create | Villager (Male) |
| 5:22 | Research | Loom |
| 5:44 | Create | Villager (Male) |
| 5:49 | Create | Fishing Ship |
| 6:04 | Build | Palisade Wall |
| 6:06 | Build | Palisade Wall |
| 6:22 | Create | Villager (Male) |
| 6:38 | Create | Villager (Male) |
| 6:45 | Create | Fishing Ship |
| 6:52 | Build | House |
| 6:59 | Create | Villager (Male) |
| 7:03 | Create | Fishing Ship |
| 7:23 | Create | Villager (Male) |
| 7:46 | Create | Villager (Male) |
| 7:51 | Create | Fishing Ship |
| 7:59 | Build | House |
| 8:04 | Create | Villager (Male) |
| 8:25 | Create | Villager (Male) |
| 8:34 | Create | Villager (Male) |
| 8:52 | Create | Villager (Male) |
| 9:08 | Create | Villager (Male) |
| 9:08 | Create | Villager (Male) |
| 9:15 | Build | Mill |
| 9:22 | Create | Fishing Ship |
| 9:25 | Create | Villager (Male) |
| 9:33 | Build | House |
| 9:36 | Create | Villager (Male) |
| 9:48 | Create | Villager (Male) |
| 9:55 | Build | Mule Cart |
| 10:25 | Create | Fishing Ship |
| 10:40 | Create | Villager (Male) |
| 11:05 | Research | Feudal Age |
| 11:40 | Build | House |
| 13:15 | Age | Feudal Age |
| 13:17 | Build | Market |
| 13:19 | Build | Blacksmith |
| 13:22 | Create | Villager (Male) |
| 13:22 | Create | Villager (Male) |
| 14:33 | Research | Castle Age |
| 14:55 | Research | Tech 906 |
| 15:11 | Research | Double-Bit Axe |
| 16:06 | Build | Palisade Wall |
| 16:28 | Build | Outpost |
| 16:31 | Create | Villager (Male) |
| 16:32 | Create | Villager (Male) |
| 17:13 | Age | Castle Age |
| 17:15 | Research | Town Watch |
| 17:18 | Build | Outpost |
| 17:21 | Create | Villager (Male) |
| 17:25 | Build | Monastery |
| 17:48 | Build | Town Center |
| 17:59 | Build | Outpost |
| 18:01 | Create | Villager (Male) |
| 18:03 | Create | Monk |
| 18:11 | Research | Scale Mail Armor |
| 18:33 | Create | Villager (Male) |
| 18:34 | Create | Villager (Male) |
| 18:41 | Build | Barracks |
| 18:50 | Build | Castle |
| 19:00 | Create | Villager (Male) |
| 19:12 | Build | Outpost |
| 19:20 | Build | House |
| 19:21 | Build | House |
| 19:50 | Create | Villager (Male) |
| 19:54 | Create | Warrior Priest |
| 20:00 | Build | Farm |
| 20:01 | Build | Farm |
| 20:01 | Build | Farm |
| 20:01 | Build | Farm |
| 20:01 | Build | Farm |
| 20:02 | Build | Farm |
| 20:02 | Build | Farm |
| 20:02 | Build | Farm |
| 20:03 | Build | Farm |
| 20:03 | Build | Farm |
| 20:03 | Build | Farm |
| 20:04 | Build | Farm |
| 20:27 | Build | Outpost |
| 20:36 | Create | Villager (Male) |
| 20:41 | Build | House |
| 21:03 | Create | Villager (Male) |
| 21:04 | Create | Villager (Male) |
| 21:15 | Create | Villager (Male) |
| 21:30 | Build | Outpost |
| 21:36 | Create | Villager (Male) |
| 21:43 | Create | Villager (Male) |
| 21:52 | Build | House |
| 21:55 | Build | House |
| 21:57 | Build | Palisade Wall |
| 21:59 | Create | Villager (Male) |
| 22:23 | Create | Villager (Male) |
| 22:23 | Create | Villager (Male) |
| 22:26 | Create | Composite Bowman |
| 22:46 | Build | Mule Cart |
| 22:48 | Create | Villager (Male) |
| 22:48 | Create | Villager (Male) |
| 23:01 | Build | Outpost |
| 23:05 | Create | Composite Bowman |
| 23:12 | Research | Fletching |
| 23:17 | Build | House |
| 23:18 | Build | House |
| 23:20 | Build | House |
| 23:21 | Create | Villager (Male) |
| 23:22 | Create | Composite Bowman |
| 23:37 | Create | Monk |
| 23:47 | Create | Composite Bowman |
| 23:48 | Create | Villager (Male) |
| 23:54 | Research | Stone Mining |
| 23:59 | Research | Gold Mining |
| 24:03 | Build | Outpost |
| 24:11 | Create | Villager (Male) |
| 24:16 | Create | Composite Bowman |
| 24:24 | Build | Mule Cart |
| 24:29 | Create | Composite Bowman |
| 24:33 | Create | Villager (Male) |
| 24:37 | Build | Siege Workshop |
| 24:39 | Create | Villager (Male) |
| 24:45 | Build | Outpost |
| 25:04 | Create | Villager (Male) |
| 25:05 | Create | Composite Bowman |
| 25:14 | Build | Mill |
| 25:14 | Build | Farm |
| 25:14 | Build | Farm |
| 25:15 | Build | Farm |
| 25:15 | Build | Farm |
| 25:15 | Build | Farm |
| 25:16 | Build | Farm |
| 25:16 | Build | Farm |
| 25:16 | Build | Farm |
| 25:24 | Create | Composite Bowman |
Build order — cmd 2.0
126 actions detected in the replay
| 0:07 | Build | Town Center |
| 0:58 | Build | Dock |
| 1:06 | Build | House |
| 2:39 | Create | Villager (Male) |
| 2:40 | Create | Villager (Male) |
| 2:40 | Create | Villager (Male) |
| 2:40 | Create | Villager (Male) |
| 3:50 | Create | Fishing Ship |
| 4:04 | Create | Villager (Male) |
| 4:13 | Build | House |
| 4:45 | Research | Loom |
| 5:03 | Create | Villager (Male) |
| 5:24 | Create | Fishing Ship |
| 5:34 | Create | Villager (Male) |
| 5:58 | Create | Villager (Male) |
| 6:12 | Build | House |
| 6:20 | Create | Villager (Male) |
| 6:22 | Create | Fishing Ship |
| 6:45 | Create | Villager (Male) |
| 6:49 | Create | Fishing Ship |
| 7:17 | Build | House |
| 7:22 | Create | Villager (Male) |
| 7:22 | Create | Villager (Male) |
| 7:45 | Create | Villager (Male) |
| 8:00 | Build | House |
| 8:17 | Create | Villager (Male) |
| 8:32 | Build | House |
| 8:52 | Create | Villager (Male) |
| 9:00 | Create | Fishing Ship |
| 9:08 | Create | Villager (Male) ×3 |
| 9:15 | Create | Villager (Male) ×3 |
| 9:26 | Create | Villager (Male) |
| 9:28 | Build | Lumber Camp |
| 9:41 | Create | Villager (Male) |
| 10:05 | Create | Villager (Male) |
| 10:22 | Research | Feudal Age |
| 10:22 | Research | Feudal Age |
| 11:05 | Build | Barracks |
| 12:16 | Build | House |
| 12:29 | Build | Mining Camp |
| 12:31 | Create | Villager (Male) |
| 12:31 | Create | Villager (Male) |
| 12:31 | Age | Feudal Age |
| 12:43 | Build | Stable |
| 12:44 | Create | Villager (Male) ×5 |
| 12:46 | Research | Double-Bit Axe |
| 12:48 | Create | Villager (Male) ×5 |
| 12:53 | Create | Villager (Male) |
| 12:56 | Build | House |
| 13:13 | Create | Villager (Male) |
| 13:29 | Build | Mill |
| 13:35 | Create | Scout Cavalry |
| 13:35 | Create | Scout Cavalry |
| 13:36 | Create | Scout Cavalry |
| 13:40 | Build | House |
| 13:40 | Create | Villager (Male) |
| 13:43 | Build | House |
| 13:49 | Create | Villager (Male) |
| 14:13 | Create | Villager (Male) |
| 14:17 | Build | Mining Camp |
| 14:25 | Create | Villager (Male) |
| 14:43 | Create | Villager (Male) |
| 14:57 | Create | Villager (Male) |
| 14:59 | Create | Villager (Male) |
| 15:01 | Build | House |
| 15:05 | Build | Farm |
| 15:09 | Build | Farm |
| 15:19 | Create | Villager (Male) |
| 15:32 | Build | Archery Range |
| 15:34 | Create | Villager (Male) |
| 15:38 | Build | House |
| 15:47 | Create | Villager (Male) |
| 15:57 | Create | Villager (Male) |
| 15:59 | Build | Farm |
| 16:00 | Create | Villager (Male) |
| 16:11 | Create | Villager (Male) |
| 16:15 | Build | Farm |
| 16:21 | Create | Archer |
| 16:24 | Create | Archer |
| 16:27 | Build | Farm |
| 16:28 | Create | Villager (Male) |
| 16:40 | Build | House |
| 16:44 | Create | Villager (Male) |
| 16:55 | Create | Villager (Male) |
| 17:01 | Create | Archer |
| 17:36 | Create | Villager (Male) |
| 17:36 | Create | Villager (Male) |
| 17:59 | Research | Castle Age |
| 18:15 | Build | House |
| 18:28 | Create | Villager (Male) |
| 18:40 | Create | Villager (Male) |
| 18:40 | Create | Villager (Male) |
| 18:48 | Create | Villager (Male) ×5 |
| 18:50 | Build | House |
| 19:07 | Create | Villager (Male) |
| 19:32 | Create | Villager (Male) ×5 |
| 20:09 | Build | House |
| 20:41 | Age | Castle Age |
| 20:43 | Build | Stable |
| 20:46 | Create | Knight |
| 20:47 | Create | Knight |
| 21:13 | Build | Town Center |
| 21:22 | Build | Siege Workshop |
| 21:24 | Create | Battle Elephant |
| 21:38 | Create | Villager (Male) ×3 |
| 21:54 | Research | Bow Saw |
| 21:55 | Create | Villager (Male) |
| 21:56 | Create | Villager (Male) |
| 22:02 | Create | Battle Elephant |
| 22:02 | Create | Battle Elephant |
| 22:03 | Create | Villager (Male) ×5 |
| 22:06 | Create | Villager (Male) |
| 22:18 | Create | Mangonel |
| 22:31 | Create | Knight |
| 22:39 | Build | Blacksmith |
| 22:53 | Build | House |
| 22:55 | Create | Villager (Male) |
| 23:33 | Create | Knight |
| 23:36 | Create | Knight |
| 23:36 | Create | Knight |
| 23:37 | Create | Villager (Male) ×3 |
| 23:55 | Build | Town Center |
| 24:11 | Create | Villager (Male) |
| 24:13 | Create | Mangonel |
| 24:37 | Create | Villager (Male) |
| 25:09 | Create | Villager (Male) |
Build order — Hastur
133 actions detected in the replay
| 0:35 | Build | Town Center |
| 1:07 | Build | Dock |
| 2:47 | Create | Villager (Male) |
| 2:47 | Create | Villager (Male) |
| 2:48 | Create | Villager (Male) |
| 2:51 | Build | House |
| 2:54 | Create | Villager (Male) |
| 3:48 | Create | Fishing Ship |
| 4:12 | Create | Villager (Male) |
| 4:31 | Build | House |
| 4:54 | Research | Loom |
| 5:05 | Create | Fishing Ship |
| 5:19 | Create | Villager (Male) |
| 5:34 | Create | Villager (Male) |
| 5:57 | Create | Villager (Male) |
| 6:16 | Create | Villager (Male) |
| 6:19 | Build | House |
| 6:38 | Create | Villager (Male) |
| 6:59 | Create | Villager (Male) |
| 7:02 | Create | Villager (Male) |
| 7:17 | Create | Villager (Male) |
| 7:33 | Create | Fishing Ship |
| 7:37 | Build | House |
| 7:39 | Create | Villager (Male) |
| 7:54 | Create | Fishing Ship |
| 8:33 | Create | Villager (Male) |
| 8:37 | Create | Fishing Ship |
| 8:56 | Build | Mill |
| 9:03 | Build | Mill |
| 9:11 | Create | Villager (Male) |
| 9:25 | Build | House |
| 9:45 | Create | Villager (Male) |
| 10:02 | Create | Villager (Male) |
| 10:13 | Create | Villager (Male) |
| 10:29 | Create | Fishing Ship |
| 11:02 | Research | Feudal Age |
| 11:25 | Build | House |
| 11:46 | Build | Mining Camp |
| 12:05 | Create | Villager (Male) |
| 12:37 | Build | Dock |
| 13:09 | Create | Villager (Male) |
| 13:19 | Age | Feudal Age |
| 13:21 | Create | Galley |
| 13:32 | Create | Galley |
| 13:45 | Build | Palisade Wall |
| 13:47 | Build | Palisade Wall |
| 13:51 | Build | Palisade Wall |
| 13:52 | Build | Palisade Wall |
| 14:04 | Create | Villager (Male) |
| 14:11 | Create | Galley |
| 14:13 | Build | Palisade Wall |
| 14:14 | Build | Palisade Wall |
| 14:21 | Create | Villager (Male) |
| 14:23 | Create | Galley |
| 14:35 | Build | House |
| 14:50 | Create | Villager (Male) |
| 15:05 | Build | Blacksmith |
| 15:14 | Create | Villager (Male) |
| 15:34 | Create | Galley |
| 15:57 | Create | Villager (Male) |
| 16:08 | Build | House |
| 16:10 | Research | Fletching |
| 16:28 | Create | Galley |
| 16:33 | Build | House |
| 16:40 | Create | Villager (Male) |
| 16:46 | Create | Galley |
| 17:18 | Create | Villager (Male) |
| 17:21 | Create | Galley |
| 17:21 | Create | Galley |
| 17:21 | Create | Villager (Male) |
| 17:41 | Create | Villager (Male) |
| 18:13 | Build | Market |
| 18:18 | Create | Villager (Male) |
| 18:45 | Create | Villager (Male) |
| 18:55 | Create | Villager (Male) |
| 19:01 | Build | House |
| 19:03 | Build | House |
| 19:06 | Research | Castle Age |
| 19:44 | Build | House |
| 19:45 | Build | House |
| 19:45 | Build | House |
| 19:46 | Build | House |
| 19:46 | Build | House |
| 19:46 | Build | House |
| 19:48 | Create | Fishing Ship |
| 19:48 | Create | Fishing Ship |
| 19:49 | Create | Fishing Ship |
| 20:24 | Build | Barracks |
| 20:32 | Build | Lumber Camp |
| 20:37 | Create | Fishing Ship |
| 20:38 | Create | Fishing Ship |
| 20:47 | Build | Dock |
| 21:17 | Build | Barracks |
| 21:53 | Research | Tech 906 |
| 22:03 | Age | Castle Age |
| 22:07 | Build | Archery Range |
| 22:11 | Build | Archery Range |
| 22:19 | Research | Double-Bit Axe |
| 22:23 | Create | Villager (Male) |
| 22:24 | Create | Villager (Male) |
| 22:24 | Create | Villager (Male) |
| 22:35 | Research | Bodkin Arrow |
| 22:45 | Create | Villager (Male) |
| 22:46 | Create | Villager (Male) |
| 22:46 | Create | Villager (Male) |
| 22:52 | Create | Cavalry Archer |
| 22:52 | Create | Cavalry Archer |
| 23:04 | Research | Bow Saw |
| 23:11 | Create | Cavalry Archer |
| 23:12 | Create | Cavalry Archer |
| 23:24 | Research | Gold Mining |
| 23:25 | Create | Villager (Male) |
| 23:43 | Create | Villager (Male) |
| 23:54 | Create | Cavalry Archer |
| 23:54 | Create | Cavalry Archer |
| 23:55 | Create | Cavalry Archer |
| 24:04 | Build | Stable |
| 24:07 | Create | Villager (Male) |
| 24:19 | Create | Villager (Male) |
| 24:23 | Create | Cavalry Archer |
| 24:25 | Create | Cavalry Archer |
| 24:25 | Create | Cavalry Archer |
| 24:43 | Create | Villager (Male) |
| 24:49 | Build | University |
| 24:59 | Create | Cavalry Archer |
| 24:59 | Create | Cavalry Archer |
| 24:59 | Create | Cavalry Archer |
| 25:24 | Research | Husbandry |
| 25:32 | Research | Bloodlines |
| 25:44 | Build | House |
| 25:45 | Build | House |
| 25:46 | Build | House |
| 25:48 | Research | Ballistics |
Build order — Mike'dugai
93 actions detected in the replay
| 0:49 | Build | Town Center |
| 1:30 | Build | Dock |
| 1:32 | Build | House |
| 1:40 | Build | Palisade Wall |
| 1:44 | Build | Palisade Wall |
| 1:47 | Build | Palisade Wall |
| 3:04 | Create | Villager (Male) ×4 |
| 4:12 | Create | Fishing Ship |
| 4:47 | Research | Loom |
| 4:54 | Create | Villager (Male) |
| 4:59 | Create | Fishing Ship |
| 5:34 | Create | Fishing Ship |
| 5:41 | Build | Palisade Wall |
| 5:55 | Build | Palisade Wall |
| 6:17 | Create | Villager (Male) |
| 6:20 | Create | Fishing Ship |
| 6:30 | Build | House |
| 6:44 | Create | Villager (Male) |
| 6:45 | Create | Villager (Male) |
| 6:49 | Create | Fishing Ship |
| 7:10 | Create | Villager (Male) |
| 7:35 | Build | House |
| 8:09 | Create | Villager (Male) |
| 8:09 | Create | Villager (Male) |
| 8:10 | Create | Villager (Male) |
| 8:10 | Create | Villager (Male) |
| 8:36 | Create | Fishing Ship |
| 9:16 | Build | House |
| 9:24 | Create | Villager (Male) ×4 |
| 9:27 | Create | Fishing Ship |
| 10:23 | Build | Settlement |
| 10:31 | Create | Villager (Male) |
| 10:34 | Create | Villager (Male) ×5 |
| 11:03 | Research | Feudal Age |
| 13:11 | Create | Villager (Male) |
| 13:12 | Create | Villager (Male) |
| 13:15 | Age | Feudal Age |
| 13:18 | Build | Blacksmith |
| 13:24 | Build | Market |
| 13:42 | Build | House |
| 14:02 | Create | Villager (Male) |
| 14:38 | Create | Villager (Male) |
| 14:41 | Build | House |
| 15:43 | Research | Castle Age |
| 16:00 | Build | Barracks |
| 16:08 | Create | Villager (Male) |
| 16:17 | Build | Palisade Wall |
| 16:20 | Build | Palisade Wall |
| 16:30 | Build | Palisade Wall |
| 16:37 | Build | Palisade Wall |
| 17:09 | Research | Fletching |
| 17:11 | Research | Padded Archer Armor |
| 17:14 | Build | House |
| 18:23 | Age | Castle Age |
| 18:25 | Build | Town Center |
| 18:31 | Create | Villager (Male) |
| 18:37 | Research | Bodkin Arrow |
| 18:44 | Build | House |
| 19:43 | Create | Villager (Male) |
| 19:43 | Create | Villager (Male) |
| 20:20 | Build | Archery Range |
| 20:28 | Create | Villager (Male) |
| 20:28 | Create | Villager (Male) |
| 20:29 | Create | Villager (Male) |
| 20:43 | Build | Outpost |
| 20:49 | Build | Outpost |
| 20:51 | Create | Bolas Rider |
| 20:54 | Create | Villager (Male) |
| 21:22 | Create | Villager (Male) |
| 21:24 | Create | Bolas Rider |
| 21:25 | Create | Villager (Male) |
| 21:53 | Create | Villager (Male) |
| 21:59 | Create | Villager (Male) |
| 21:59 | Create | Villager (Male) |
| 22:02 | Create | Bolas Rider |
| 22:15 | Build | House |
| 22:18 | Create | Bolas Rider |
| 22:26 | Create | Villager (Male) |
| 23:03 | Create | Villager (Male) |
| 23:05 | Create | Bolas Rider |
| 23:31 | Create | Villager (Male) |
| 23:43 | Build | Outpost |
| 23:47 | Create | Villager (Male) |
| 23:48 | Create | Bolas Rider |
| 23:51 | Build | Archery Range |
| 24:26 | Build | Outpost |
| 24:44 | Create | Villager (Male) |
| 24:49 | Create | Bolas Rider |
| 24:50 | Create | Bolas Rider |
| 25:08 | Create | Villager (Male) |
| 25:08 | Create | Villager (Male) |
| 25:16 | Build | University |
| 25:21 | Build | Settlement |
Build order — TrAnEcId
77 actions detected in the replay
| 0:20 | Build | Town Center |
| 0:37 | Build | Dock |
| 0:40 | Build | House |
| 0:51 | Build | Palisade Wall |
| 2:36 | Create | Villager (Male) ×4 |
| 3:48 | Create | Fishing Ship |
| 3:49 | Create | Villager (Male) |
| 4:38 | Research | Loom |
| 4:47 | Create | Fishing Ship |
| 4:52 | Build | House |
| 5:19 | Create | Villager (Male) |
| 5:31 | Build | House |
| 5:44 | Create | Villager (Male) |
| 5:49 | Create | Fishing Ship |
| 6:17 | Create | Villager (Male) |
| 6:22 | Create | Villager (Male) |
| 6:59 | Create | Fishing Ship |
| 7:00 | Create | Villager (Male) |
| 7:29 | Create | Villager (Male) ×2 |
| 7:45 | Build | House |
| 8:04 | Create | Villager (Male) |
| 8:21 | Create | Villager (Male) ×3 |
| 8:29 | Create | Villager (Male) |
| 8:37 | Create | Fishing Ship |
| 8:55 | Create | Villager (Male) ×3 |
| 9:02 | Create | Villager (Male) |
| 9:31 | Build | House |
| 9:33 | Create | Fishing Ship |
| 10:01 | Build | Lumber Camp |
| 10:28 | Build | Mill |
| 10:36 | Create | Villager (Male) ×5 |
| 11:09 | Research | Feudal Age |
| 11:43 | Build | House |
| 11:44 | Build | House |
| 12:46 | Build | Mining Camp |
| 13:27 | Age | Feudal Age |
| 13:31 | Build | Market |
| 13:38 | Create | Villager (Male) ×5 |
| 13:42 | Build | Blacksmith |
| 13:48 | Research | Double-Bit Axe |
| 14:04 | Create | Villager (Male) |
| 14:42 | Research | Castle Age |
| 14:46 | Build | Mining Camp |
| 15:10 | Build | House |
| 15:12 | Build | House |
| 15:13 | Build | House |
| 16:20 | Build | Outpost |
| 16:25 | Research | Town Watch |
| 16:33 | Research | Fletching |
| 16:41 | Build | House |
| 16:44 | Build | House |
| 17:22 | Age | Castle Age |
| 17:28 | Build | Castle |
| 17:54 | Create | Villager (Male) ×3 |
| 18:07 | Build | House |
| 18:08 | Build | House |
| 18:10 | Build | House |
| 18:11 | Build | House |
| 18:32 | Build | Barracks |
| 18:39 | Create | Villager (Male) ×3 |
| 18:51 | Build | Outpost |
| 19:16 | Build | Mining Camp |
| 19:39 | Build | Outpost |
| 20:17 | Build | Outpost |
| 20:30 | Create | Villager (Male) ×2 |
| 20:45 | Build | Outpost |
| 21:22 | Create | Villager (Male) ×3 |
| 22:23 | Create | Keshik |
| 22:54 | Build | Farm |
| 22:54 | Build | Farm |
| 22:55 | Build | Farm |
| 22:55 | Build | Farm |
| 22:55 | Build | Farm |
| 23:49 | Build | Lumber Camp |
| 23:56 | Create | Villager (Male) ×2 |
| 24:10 | Build | Watch Tower |
| 24:22 | Build | House |
Build order — Madbun
125 actions detected in the replay
| 0:06 | Build | Town Center |
| 0:59 | Build | Town Center |
| 1:17 | Build | Dock |
| 1:23 | Build | House |
| 1:24 | Build | Palisade Wall |
| 1:27 | Build | Palisade Wall |
| 3:04 | Create | Villager (Male) |
| 3:05 | Create | Villager (Male) |
| 3:06 | Create | Villager (Male) |
| 3:06 | Create | Villager (Male) |
| 4:38 | Create | Fishing Ship |
| 5:00 | Create | Villager (Male) |
| 5:00 | Create | Villager (Male) |
| 5:00 | Create | Villager (Male) |
| 5:01 | Research | Loom |
| 5:23 | Create | Villager (Male) |
| 5:28 | Build | House |
| 5:30 | Build | House |
| 5:52 | Create | Villager (Male) |
| 6:12 | Create | Villager (Male) |
| 6:39 | Create | Villager (Male) |
| 6:39 | Create | Villager (Male) |
| 7:20 | Create | Villager (Male) |
| 7:23 | Create | Fishing Ship |
| 7:23 | Create | Fishing Ship |
| 7:34 | Build | House |
| 7:52 | Create | Villager (Male) |
| 8:14 | Create | Fishing Ship |
| 8:32 | Create | Villager (Male) |
| 8:32 | Create | Villager (Male) |
| 8:32 | Create | Villager (Male) |
| 8:43 | Build | Outpost |
| 8:53 | Create | Villager (Male) |
| 8:53 | Create | Villager (Male) |
| 8:56 | Create | Fishing Ship |
| 9:25 | Create | Fishing Ship |
| 9:25 | Create | Fishing Ship |
| 9:33 | Build | Building 796 |
| 9:55 | Create | Villager (Male) |
| 10:16 | Create | Villager (Male) |
| 10:17 | Create | Villager (Male) |
| 10:22 | Create | Fishing Ship |
| 10:22 | Create | Fishing Ship |
| 10:39 | Build | Lumber Camp |
| 10:49 | Build | Lumber Camp |
| 10:54 | Build | House |
| 11:17 | Create | Villager (Male) |
| 11:25 | Create | Fishing Ship |
| 11:48 | Build | Mill |
| 12:21 | Create | Villager (Male) |
| 12:21 | Create | Villager (Male) |
| 12:46 | Create | Villager (Male) |
| 12:54 | Build | Mining Camp |
| 13:08 | Create | Villager (Male) |
| 13:23 | Build | Mining Camp |
| 13:46 | Build | Dock |
| 13:58 | Build | House |
| 13:59 | Build | House |
| 14:00 | Build | House |
| 14:04 | Research | Feudal Age |
| 14:26 | Create | Fishing Ship |
| 14:26 | Create | Fishing Ship |
| 14:47 | Build | Palisade Wall |
| 14:49 | Build | Palisade Wall |
| 14:52 | Build | Palisade Wall |
| 14:54 | Create | Villager (Male) |
| 15:03 | Build | Palisade Wall |
| 15:07 | Build | Palisade Wall |
| 15:19 | Build | Palisade Wall |
| 15:21 | Build | Palisade Wall |
| 15:22 | Build | Palisade Wall |
| 15:24 | Build | Palisade Wall |
| 15:26 | Build | Palisade Wall |
| 15:29 | Build | Palisade Wall |
| 15:41 | Create | Villager (Male) |
| 16:14 | Age | Feudal Age |
| 16:26 | Build | Market |
| 16:29 | Create | Villager (Male) |
| 16:32 | Research | Wheelbarrow |
| 16:55 | Create | Villager (Male) |
| 17:11 | Build | Blacksmith |
| 17:48 | Research | Castle Age |
| 18:09 | Research | Double-Bit Axe |
| 18:09 | Research | Double-Bit Axe |
| 18:35 | Build | Barracks |
| 18:52 | Build | House |
| 19:13 | Build | Building 796 |
| 19:15 | Build | Palisade Wall |
| 19:17 | Build | Palisade Wall |
| 19:38 | Build | Watch Tower |
| 19:46 | Build | Building 490 |
| 19:49 | Create | Villager (Male) |
| 19:52 | Create | Villager (Male) |
| 20:28 | Age | Castle Age |
| 20:37 | Research | Fletching |
| 20:53 | Build | Castle |
| 21:01 | Create | Spearman |
| 21:01 | Create | Spearman |
| 21:01 | Create | Spearman |
| 21:06 | Research | Town Watch |
| 21:13 | Create | Villager (Male) |
| 21:13 | Create | Villager (Male) |
| 21:36 | Create | Villager (Male) |
| 21:54 | Build | Mining Camp |
| 22:02 | Research | Bow Saw |
| 22:15 | Create | Villager (Male) |
| 22:15 | Create | Villager (Male) |
| 22:38 | Research | Gold Mining |
| 22:43 | Create | Villager (Male) |
| 22:43 | Create | Villager (Male) |
| 22:59 | Create | Ratha (Ranged) |
| 23:18 | Build | Siege Workshop |
| 23:43 | Build | Watch Tower |
| 23:49 | Research | Bodkin Arrow |
| 23:54 | Build | Building 490 |
| 24:01 | Build | Monastery |
| 24:54 | Create | Villager (Male) |
| 24:55 | Create | Villager (Male) |
| 24:55 | Create | Villager (Male) |
| 24:57 | Create | Monk ×2 |
| 25:04 | Create | Villager (Male) |
| 25:12 | Create | Scorpion |
| 25:28 | Create | Villager (Male) |
| 25:29 | Create | Villager (Male) |
| 25:43 | Create | Ratha (Ranged) ×2 |
Build order — Feifred
69 actions detected in the replay
| 0:33 | Build | Town Center |
| 1:09 | Build | Dock |
| 1:11 | Build | House |
| 2:44 | Create | Villager (Male) |
| 2:44 | Create | Villager (Male) |
| 2:45 | Create | Villager (Male) |
| 2:45 | Create | Villager (Male) |
| 2:45 | Create | Villager (Male) |
| 4:06 | Create | Fishing Ship |
| 4:06 | Create | Fishing Ship |
| 4:23 | Create | Villager (Male) |
| 4:23 | Create | Villager (Male) |
| 4:31 | Research | Loom |
| 4:50 | Create | Fishing Ship |
| 5:12 | Build | House |
| 5:29 | Create | Fishing Ship |
| 6:08 | Create | Villager (Male) |
| 6:08 | Create | Villager (Male) |
| 6:16 | Build | House |
| 6:45 | Create | Villager (Male) |
| 6:47 | Create | Fishing Ship |
| 6:47 | Create | Fishing Ship |
| 6:53 | Create | Villager (Male) |
| 6:54 | Create | Villager (Male) |
| 7:20 | Create | Fishing Ship |
| 7:27 | Create | Villager (Male) |
| 7:34 | Create | Villager (Male) |
| 7:40 | Build | House |
| 8:13 | Create | Villager (Male) |
| 8:20 | Create | Fishing Ship |
| 8:49 | Create | Villager (Male) |
| 8:54 | Create | Fishing Ship |
| 8:59 | Create | Villager (Male) |
| 9:13 | Build | Mill |
| 9:20 | Create | Villager (Male) |
| 9:37 | Create | Villager (Male) |
| 9:41 | Create | Fishing Ship |
| 9:58 | Build | House |
| 10:20 | Build | House |
| 10:31 | Build | House |
| 10:43 | Build | House |
| 10:48 | Build | House |
| 11:28 | Research | Feudal Age |
| 12:16 | Build | Mining Camp |
| 13:06 | Create | Villager (Male) |
| 13:06 | Create | Villager (Male) |
| 13:38 | Age | Feudal Age |
| 13:42 | Build | Market |
| 13:49 | Build | Blacksmith |
| 14:03 | Build | House |
| 14:07 | Build | House |
| 14:17 | Build | Market |
| 14:35 | Create | Villager (Male) |
| 14:51 | Build | Watch Tower |
| 15:11 | Create | Villager (Male) |
| 15:55 | Research | Castle Age |
| 16:36 | Research | Fletching |
| 16:47 | Create | Fishing Ship |
| 17:19 | Build | House |
| 17:31 | Build | House |
| 17:36 | Build | House |
| 17:40 | Build | House |
| 17:42 | Build | House |
| 17:53 | Create | Villager (Male) |
| 18:05 | Build | House |
| 18:35 | Age | Castle Age |
| 18:43 | Build | Castle |
| 19:07 | Create | Villager (Male) |
| 19:11 | Create | Villager (Male) |
Build order — Mortis
102 actions detected in the replay
| 0:21 | Build | Town Center |
| 2:15 | Build | Dock |
| 2:16 | Build | House |
| 2:41 | Create | Villager (Male) |
| 2:41 | Create | Villager (Male) |
| 2:41 | Create | Villager (Male) |
| 2:42 | Create | Villager (Male) |
| 4:08 | Build | House |
| 4:24 | Create | Villager (Male) |
| 4:46 | Create | Villager (Male) |
| 4:47 | Create | Villager (Male) |
| 5:11 | Create | Villager (Male) |
| 5:16 | Create | Fishing Ship |
| 5:35 | Research | Loom |
| 6:02 | Create | Villager (Male) |
| 6:04 | Create | Villager (Male) |
| 6:34 | Create | Fishing Ship |
| 6:53 | Create | Villager (Male) |
| 6:56 | Create | Fishing Ship |
| 7:20 | Build | House |
| 7:20 | Create | Villager (Male) |
| 7:49 | Create | Fishing Ship |
| 7:56 | Create | Fishing Ship |
| 7:57 | Create | Villager (Male) |
| 7:57 | Create | Villager (Male) |
| 8:18 | Create | Villager (Male) |
| 8:24 | Build | House |
| 8:48 | Create | Villager (Male) |
| 9:00 | Create | Villager (Male) |
| 9:23 | Create | Villager (Male) |
| 9:50 | Build | House |
| 9:52 | Build | House |
| 10:01 | Build | House |
| 10:33 | Create | Villager (Male) |
| 10:55 | Create | Villager (Male) |
| 11:03 | Build | Mill |
| 11:19 | Research | Feudal Age |
| 11:20 | Research | Feudal Age |
| 11:56 | Build | Mining Camp |
| 11:59 | Create | Villager (Male) |
| 12:36 | Create | Villager (Male) |
| 12:57 | Build | House |
| 13:20 | Create | Villager (Male) |
| 13:29 | Age | Feudal Age |
| 13:34 | Build | Market |
| 13:38 | Build | Blacksmith |
| 13:40 | Create | Villager (Male) |
| 14:12 | Create | Villager (Male) |
| 14:54 | Build | Mining Camp |
| 15:22 | Research | Castle Age |
| 15:41 | Research | Fletching |
| 16:22 | Build | Mining Camp |
| 16:31 | Create | Villager (Male) |
| 17:04 | Build | House |
| 18:02 | Create | Villager (Male) |
| 18:02 | Age | Castle Age |
| 18:08 | Build | Castle |
| 18:14 | Build | Palisade Wall |
| 18:22 | Build | Palisade Wall |
| 19:12 | Create | Petard ×3 |
| 19:13 | Create | Petard ×3 |
| 19:26 | Create | Villager (Male) |
| 19:39 | Create | Villager (Male) |
| 19:40 | Create | Villager (Male) |
| 20:01 | Create | Villager (Male) |
| 20:02 | Create | Villager (Male) |
| 20:16 | Create | Conquistador |
| 20:16 | Create | Conquistador |
| 20:21 | Create | Villager (Male) |
| 21:10 | Create | Villager (Male) |
| 21:11 | Create | Villager (Male) |
| 21:35 | Create | Villager (Male) |
| 21:45 | Create | Conquistador |
| 21:56 | Create | Villager (Male) |
| 22:08 | Build | Dock |
| 22:09 | Create | Villager (Male) |
| 22:20 | Build | Lumber Camp |
| 22:22 | Create | Villager (Male) |
| 22:48 | Create | Villager (Male) |
| 22:56 | Create | Fishing Ship |
| 22:57 | Create | Fishing Ship |
| 22:57 | Create | Fishing Ship |
| 23:25 | Create | Villager (Male) |
| 23:32 | Create | Conquistador |
| 23:58 | Build | House |
| 24:15 | Create | Villager (Male) |
| 24:21 | Build | Lumber Camp |
| 24:22 | Create | Villager (Male) |
| 24:57 | Build | Castle |
| 25:08 | Create | Conquistador |
| 25:21 | Create | Conquistador |
| 25:26 | Build | Farm |
| 25:26 | Build | Farm |
| 25:27 | Build | Farm |
| 25:27 | Build | Farm |
| 25:27 | Build | Farm |
| 25:27 | Build | Farm |
| 25:28 | Build | Farm |
| 25:38 | Create | Fishing Ship |
| 25:38 | Create | Fishing Ship |
| 25:38 | Create | Fishing Ship |
| 25:39 | Create | Fishing Ship |
Match timeline
| 0:37 | TrAnEcId · first_building Dock |
| 0:51 | TrAnEcId · wall_segment Palisade Wall x1 |
| 0:58 | cmd 2.0 · first_building Dock |
| 1:07 | Hastur · first_building Dock |
| 1:08 | Kallemann · first_building Dock |
| 1:09 | Feifred · first_building Dock |
| 1:17 | Madbun · first_building Dock |
| 1:24 | Madbun · wall_segment Palisade Wall x1 |
| 1:27 | Madbun · wall_segment Palisade Wall x1 |
| 1:30 | Mike'dugai · first_building Dock |
| 1:40 | Mike'dugai · wall_segment Palisade Wall x1 |
| 1:44 | Mike'dugai · wall_segment Palisade Wall x1 |
| 1:47 | Mike'dugai · wall_segment Palisade Wall x1 |
| 2:15 | Mortis · first_building Dock |
| 5:41 | Mike'dugai · wall_segment Palisade Wall x1 |
| 5:55 | Mike'dugai · wall_segment Palisade Wall x1 |
| 6:04 | Kallemann · wall_segment Palisade Wall x1 |
| 6:06 | Kallemann · wall_segment Palisade Wall x1 |
| 11:05 | cmd 2.0 · first_building Barracks |
| 12:31 | cmd 2.0 · age_up feudal |
| 12:43 | cmd 2.0 · first_building Stable |
| 13:15 | Mike'dugai · age_up feudal |
| 13:15 | Kallemann · age_up feudal |
| 13:19 | Hastur · age_up feudal |
| 13:27 | TrAnEcId · age_up feudal |
| 13:29 | Mortis · age_up feudal |
| 13:38 | Feifred · age_up feudal |
| 13:45 | Hastur · wall_segment Palisade Wall x1 |
| 13:47 | Hastur · wall_segment Palisade Wall x1 |
| 13:51 | Hastur · wall_segment Palisade Wall x1 |
| 13:52 | Hastur · wall_segment Palisade Wall x1 |
| 14:13 | Hastur · wall_segment Palisade Wall x1 |
| 14:14 | Hastur · wall_segment Palisade Wall x1 |
| 14:38 | TrAnEcId · first_market_sell 100 food |
| 14:47 | Madbun · wall_segment Palisade Wall x1 |
| 14:49 | Madbun · wall_segment Palisade Wall x1 |
| 14:52 | Madbun · wall_segment Palisade Wall x1 |
| 15:03 | Madbun · wall_segment Palisade Wall x1 |
| 15:07 | Madbun · wall_segment Palisade Wall x1 |
| 15:19 | Madbun · wall_segment Palisade Wall x1 |
| 15:21 | Madbun · wall_segment Palisade Wall x1 |
| 15:22 | Madbun · wall_segment Palisade Wall x1 |
| 15:24 | Madbun · wall_segment Palisade Wall x1 |
| 15:26 | Madbun · wall_segment Palisade Wall x1 |
| 15:29 | Madbun · wall_segment Palisade Wall x1 |
| 15:32 | cmd 2.0 · first_building Archery Range |
| 16:00 | Mike'dugai · first_building Barracks |
| 16:06 | Kallemann · wall_segment Palisade Wall x1 |
| 16:14 | Madbun · age_up feudal |
| 16:17 | Mike'dugai · wall_segment Palisade Wall x1 |
| 16:20 | Mike'dugai · wall_segment Palisade Wall x1 |
| 16:30 | Mike'dugai · wall_segment Palisade Wall x1 |
| 16:37 | Mike'dugai · wall_segment Palisade Wall x1 |
| 17:09 | TrAnEcId · first_market_buy 100 stone |
| 17:13 | Kallemann · age_up castle |
| 17:22 | TrAnEcId · age_up castle |
| 17:25 | Kallemann · first_building Monastery |
| 17:28 | TrAnEcId · first_building Castle |
| 17:47 | Madbun · first_market_sell 100 food |
| 18:02 | Mortis · age_up castle |
| 18:04 | Mortis · first_market_sell 100 food |
| 18:05 | Mortis · first_market_buy 100 stone |
| 18:08 | Mortis · first_building Castle |
| 18:14 | Mortis · wall_segment Palisade Wall x1 |
| 18:22 | Mortis · wall_segment Palisade Wall x1 |
| 18:23 | Mike'dugai · age_up castle |
| 18:32 | TrAnEcId · first_building Barracks |
| 18:34 | Feifred · first_market_sell 100 food |
| 18:35 | Feifred · first_market_buy 100 stone |
| 18:35 | Madbun · first_building Barracks |
| 18:35 | Feifred · age_up castle |
| 18:41 | Kallemann · first_building Barracks |
| 18:43 | Feifred · first_building Castle |
| 18:50 | Kallemann · first_building Castle |
| 19:15 | Madbun · wall_segment Palisade Wall x1 |
| 19:17 | Madbun · wall_segment Palisade Wall x1 |
| 19:19 | Feifred · resign |
| 20:05 | Mike'dugai · first_market_buy 100 wood |
| 20:20 | Mike'dugai · first_building Archery Range |
| 20:24 | Hastur · first_building Barracks |
| 20:28 | Madbun · age_up castle |
| 20:41 | cmd 2.0 · age_up castle |
| 20:53 | Madbun · first_building Castle |
| 21:02 | Kallemann · first_market_buy 100 food |
| 21:22 | cmd 2.0 · first_building Siege Workshop |
| 21:57 | Kallemann · wall_segment Palisade Wall x1 |
| 22:03 | Hastur · age_up castle |
| 22:07 | Hastur · first_building Archery Range |
| 23:18 | Madbun · first_building Siege Workshop |
| 24:01 | Madbun · first_building Monastery |
| 24:04 | Hastur · first_building Stable |
| 24:37 | Kallemann · first_building Siege Workshop |
[ AI ANALYSIS · 1 CREDIT ]
What really happened in this match?
Wolo.gg analyzes every decision: build order, eco, micro, common mistakes by bracket. Personalized analysis on WhatsApp or Discord in 30 seconds.
Civ guide
Armenians
Perfil
Jugador #252322